 Dungeon Crawl Stone Soup version 0.31-a0-271-gb88eb75e06 (webtiles) character file.

Game seed: 10546627771964510891

198 LeprechaunX the Changeling (level 5, -1/51 (54) HPs)
             Began as an Octopode Shapeshifter on July 14, 2023.
             Slain by Crazy Yiuf
             ... wielding a +4 quarterstaff of chaos
              (4 damage)
             ... on level 2 of the Dungeon.
             The game lasted 00:03:31 (1168 turns).

LeprechaunX the Changeling (Octopode Shapeshifter)  Turns: 1168, Time: 00:03:32

HP:   -1/51 (54)    AC: 22    Str: 14    XL:     5   Next: 76%
MP:   0/5           EV:  2    Int: 10    God:
Gold: 25            SH:  0    Dex: 15    Spells: 4/4 levels left

rFire   . . .        h - +2 short sword (freeze)
rCold   . . .        (no shield)
rNeg    . . .        (helmet currently unavailable)
rPois   +            c - amulet of regeneration
rElec   .            (no ring)
rCorr   .            (no ring)
SInv    .            (no ring)
Will    .....        (no ring)
Stlth   +            (no ring)
HPRegen 1.08/turn    (no ring)
MPRegen 0.09/turn    (no ring)
                     (no ring)

%: no passive effects
@: tree-form, drained
A: stationary, stasis, torment immunity, boosted hp, almost no armour,
(amphibious), 8 rings, (camouflage 1), (gelatinous body 1), (nimble swimmer 1),
(tentacles)
a: no special abilities


You were on level 2 of the Dungeon.
You were a tree.
You visited 1 branch of the dungeon, and saw 2 of its levels.

You collected 25 gold pieces.

Inventory:

Hand Weapons
 h - a +2 short sword of freezing (weapon)
Missiles
 g - 2 javelins (quivered)
 k - 4 curare-tipped darts
Jewellery
 c - an amulet of regeneration (around neck)
Talismans
 b - a beast talisman
Wands
 i - a wand of flame (28)
Scrolls
 e - a scroll of fear {unknown}
 f - 2 scrolls of identify {unknown}
 j - a scroll of poison {unknown}
Potions
 d - a potion of curing {unknown}


   Skills:
 + Level 2.8 Fighting
 + Level 2.8 Dodging
 * Level 3.6 Unarmed Combat
 - Level 0.5 Evocations
 * Level 4.0 Shapeshifting


You had 4 spell levels left.
You didn't know any spells.
Your spell library contained the following spells:

 Spells                   Type           Power      Damage    Failure   Level
 Necrotise                Necr           0%         1d4       36%         1
 Vampiric Draining        Necr           0%         2d6       75%         3
 Agony                    Necr           0%         N/A       100%        5


Dungeon Overview and Level Annotations

Branches:
Dungeon (2/15)

Altars:
Xom

Annotations:
D:2 Crazy Yiuf


Innate Abilities, Weirdness & Mutations

You are a tree.
Your roots penetrate the ground, keeping you stationary.
You cannot be teleported.
You are immune to unholy pain and torment.
Your maximum health is greatly increased.
You cannot wear most types of armour.
((You are amphibious.))
You can wear up to eight rings at the same time.
((Your skin changes colour to match your surroundings (Stealth+).))
((Your rubbery body absorbs attacks. (AC +1, EV +1)))
((You are camouflaged when in or above water. (Stealth+)))
((You have tentacles for arms and can constrict up to eight enemies at once.))


Message History

Crazy Yiuf hits you with a +4 quarterstaff of chaos!
Crazy Yiuf burns you.
You barely miss Crazy Yiuf.
Crazy Yiuf hits you with a +4 quarterstaff of chaos.
You closely miss Crazy Yiuf.
Crazy Yiuf hits you with a +4 quarterstaff of chaos.
Crazy Yiuf freezes you.
You hit Crazy Yiuf but do no damage. Crazy Yiuf hits you but does no damage.
You hit Crazy Yiuf but do no damage. Crazy Yiuf hits you but does no damage.
You closely miss Crazy Yiuf.
Crazy Yiuf grits, "Action song snockshim!"
Crazy Yiuf hits you but does no damage.
You hit Crazy Yiuf but do no damage. Crazy Yiuf hits you but does no damage.
You feel drained.
You closely miss Crazy Yiuf. Crazy Yiuf hits you but does no damage.
You closely miss Crazy Yiuf. Crazy Yiuf barely misses you.
You barely miss Crazy Yiuf.
Crazy Yiuf hits you with a +4 quarterstaff of chaos.
You feel drained.
You hit Crazy Yiuf but do no damage.
Crazy Yiuf says, "Tosser sallow foot!"
Crazy Yiuf hits you but does no damage.
You hit Crazy Yiuf but do no damage.
Crazy Yiuf hits you with a +4 quarterstaff of chaos!
* * * LOW HITPOINT WARNING * * *
Crazy Yiuf freezes you.
* * * LOW HITPOINT WARNING * * *
You hit Crazy Yiuf. You freeze Crazy Yiuf.
Crazy Yiuf is lightly wounded.
Crazy Yiuf hits you but does no damage.
You hit Crazy Yiuf. You freeze Crazy Yiuf.
Crazy Yiuf is moderately wounded.
Crazy Yiuf twirls on the spot.
Crazy Yiuf hits you with a +4 quarterstaff of chaos!
* * * LOW HITPOINT WARNING * * *
You feel your power leaking away.
You hit Crazy Yiuf. You freeze Crazy Yiuf.
Crazy Yiuf is heavily wounded.
Crazy Yiuf hits you with a +4 quarterstaff of chaos.
You die...

#.†.......#
#....#
#.........#
##..##
..........#
#..).#
......#####
#...##
#..##.#
##.##
#.###.#
#.## ..#
#.# ##.#
..# #.#
#.## ..#
#.# ##♣#
#.# #.# #g#
.# #.# ...
#.. #...#
#..)# #####


You could see Crazy Yiuf.

Vanquished Creatures
  Sigmund (D:2)
  An adder (D:2)
  3 dart slugs
  A bat (D:1)
  2 giant cockroaches
  5 hobgoblins
  4 kobolds
  A quokka (D:1)
  2 ball pythons (D:1)
  4 frilled lizards
  5 goblins
  4 rats (D:1)
33 creatures vanquished.

Notes
Turn   | Place    | Note
-------+----------+-------------------------------------------
     0 | D:1      | LeprechaunX the Octopode Shapeshifter began the quest for
                  | the Orb.
     0 | D:1      | Reached XP level 1. HP: 14/14 MP: 1/1
   144 | D:1      | Reached XP level 2. HP: 18/19 MP: 2/2
   682 | D:1      | Found a faded altar of an unknown god.
   686 | D:1      | Reached XP level 3. HP: 18/24 MP: 3/3
   945 | D:2      | Found a shimmering altar of Xom.
  1038 | D:2      | Found a runed translucent door.
  1038 | D:2      | Noticed Sigmund
  1039 | D:2      | Noticed Crazy Yiuf
  1046 | D:2      | Killed Sigmund
  1047 | D:2      | Reached skill level 4 in Shapeshifting
  1047 | D:2      | Reached XP level 4. HP: 9/30 MP: 4/4
  1047 | D:2      | Reached XP level 5. HP: 11/36 MP: 5/5
  1167 | D:2      | HP: 2/51 [Crazy Yiuf/+4 quarterstaff of chaos (11)]
  1168 | D:2      | Slain by Crazy Yiuf

Illustrated notes

Levels and vault maps discovered:
D:1:      onia_arrival_handbag, layout_basic,
          shapermc_ecumenical_altar_totnotflames
D:2:      minmay_recursive_quarters, layout_rooms, basic_altar,
          uniq_crazy_yiuf_cottage, uniq_sigmund

Skill      XL: |  1  2  3 |
---------------+----------+-----
Unarmed Combat | 3 |  3.6
Shapeshifting  | 4 |  4.0
Fighting       | |  2.8
Dodging        | |  2.8
Evocations     | |  0.5

Action                     |  1- 3 |  4- 6 || total
---------------------------+-------+-------++-------
  Melee: Unarmed           |    33 |       ||    33
         Constrict         |    17 |       ||    17
         Tentacles         |     9 |       ||     9
         Staff             |    11 |       ||    11
         Short sword       |    12 |    17 ||    29
    Use: Potion            |       |     1 ||     1
   Stab: Sleeping          |     8 |       ||     8
 Armour: Skin              |     3 |     8 ||    11
  Dodge: Dodged            |    29 |     2 ||    31

Table legend: (Time is in decaauts)
 A = Elapsed time spent in this place.
 B = Non-inter-level travel time spent in this place.
 C = Inter-level travel time spent in this place.
 D = Time resting spent in this place.
 E = Time spent auto-exploring this place.
 F = Levels seen in this place.
 G = Mean time per level.
                   A        B        C        D        E       F      G
               +--------+--------+--------+--------+--------+-----+--------+
         Total |   1166 |   1104 |     62 |     96 |    767 |   2 |  583.0 |
       Dungeon |   1166 |   1104 |     62 |     96 |    767 |   2 |  583.0 |
               +--------+--------+--------+--------+--------+-----+--------+

Top non-repeatable levels by time:
     D:1: 850 daAuts
     D:2: 316 daAuts
